 Dungeon Crawl Stone Soup version 0.16-a0-1858-gba9b1e2 (webtiles) character file.

505 RobertPalmer the Insei (level 6, -12/40 (43) HPs)
             Began as a Demonspawn Transmuter on Nov 4, 2014.
             Mangled by an orc warrior
             ... wielding a +0 flail
              (18 damage)
             ... on level 4 of the Dungeon.
             The game lasted 00:11:26 (6204 turns).

RobertPalmer the Insei (Demonspawn Transmuter)      Turns: 6204, Time: 00:11:26

HP:   -12/40 (43)   AC:  5    Str: 11    XL:     6   Next: 96%
MP:   10/10         EV: 12    Int: 14    God:
Gold: 192           SH:  0    Dex: 15    Spells: 2 memorised, 6 levels left

rFire  + . .     SeeInvis .       - Unarmed
rCold  . . .     Clarity  .     c - +0 robe
rNeg   . . .     SustAb   .     (no shield)
rPois  .         Gourm    .     o - +2 helmet (curse)
rElec  .         Spirit   .     (no cloak)
rCorr  .         Warding  .     (no gloves)
rMut   .         Stasis   .     (no boots)
MR     .....                    (no amulet)
Stlth  +.........               (no ring)
                                a - ring of invisibility

@: very slightly contaminated, not resistant to hostile enchantments, very
unstealthy
A: claws 1, fire resistance 1
a: Evoke Invisibility


You were on level 4 of the Dungeon.
You were not hungry.

You visited 1 branch of the dungeon, and saw 4 of its levels.

You collected 192 gold pieces.


Innate Abilities, Weirdness & Mutations

You have sharp fingernails.
Your flesh is heat resistant.


   Skills:
 - Level 1.0 Fighting
 + Level 1.7 Dodging
 - Level 7.2 Unarmed Combat
 - Level 2.0 Spellcasting
 - Level 1.7 Transmutations


You had 6 spell levels left.
You knew the following spells:

 Your Spells              Type           Power        Failure   Level  Hunger
z - Beastly Appendage     Trmt           #.....       14%         1    ##.....
Z - Sticks to Snakes      Trmt           #.........   21%         2    ###....

Inventory:

Missiles
 b - 69 arrows
 h - 6 javelins (quivered)
 n - 11 arrows of frost
Armour
 c - a +0 robe (worn)
 o - a cursed +2 helmet (worn)
Jewellery
 a - a ring of invisibility (left claw)
Magical devices
 q - a wand of flame (20)
Scrolls
 f - 3 scrolls of remove curse
 i - a scroll of enchant weapon {unknown}
 l - a scroll of enchant armour {unknown}
 m - a scroll of fog
 p - 3 scrolls of noise {unknown}
 w - a scroll of magic mapping {unknown}
Potions
 j - a potion of restore abilities
 k - a potion of porridge
 r - a potion of brilliance
Books
 d - a book of Changes
Comestibles
 g - 2 chunks of flesh {@w1}
 u - a bread ration

Dungeon Overview and Level Annotations

Branches:
Dungeon (4/15)
 Temple: D:4-7

Altars:

Annotations:
D:3 ztt's ghost, average GrFi
D:4 Crazy Yiuf

##.### #.§.......######..
######...### #..###.........##..
#.....#.........# ##.†......##..
........######## ####.........
........# #......... .....$..#
#......... ........### ###
#####..... ..........### ###..)#
##........ ............####@g...#
#..##..... .............#ao##...#
#..##..... ............#.### ###
#......... #.....#.#######
#.###..... ######### #.###.....
############.........
###.........†..#.......
##.....###.o######.....÷
##########..###.....####.........


You could see an orc warrior, Crazy Yiuf (bleeding) and a worker ant.


Message History

Your talons disappear.
You see here a tomahawk.
Found a stone staircase leading down.
You see here an orc corpse.
Drink which item? (? for menu, Esc to quit)
Okay, then.
Found an escape hatch in the ceiling.
Read which item? (? for menu, Esc to quit)
Okay, then.
The orc warrior is no longer bleeding.
Found 12 gold pieces.
A worker ant comes into view.
The worker ant twitches its antennae in your direction.
The worker ant bites you but does no damage.
The worker ant closely misses you.
The worker ant bites you but does no damage.
Found a hammer.
Crazy Yiuf the Enlightened comes into view.
He is wielding a quarterstaff of chaos.
Crazy Yiuf shouts!
Crazy Yiuf moves out of view.
Crazy Yiuf says, "Crazy?
Crazy!?
PORCUPINE!"
Drink which item? (? for menu, Esc to quit)
Okay, then.
You closely miss Crazy Yiuf. The orc warrior barely misses you.
Crazy Yiuf screams, "Leather!"
Crazy Yiuf misses you.
You scratch Crazy Yiuf.
Crazy Yiuf is lightly wounded.
The orc warrior hits you with a flail!!
You die...

Action                   |  1- 3 |  4- 6 || total
-------------------------+-------+-------++-------
Melee: Unarmed           |   132 |   250 ||   382
Throw: Javelin           |    13 |    29 ||    42
 Cast: Beastly Appendage |    24 |    36 ||    60
       Sticks to Snakes  |     2 |     8 ||    10
 Abil: Evoke Invisibilit |       |     1 ||     1
  Use: Scroll            |       |     6 ||     6
       Potion            |       |     5 ||     5
 Stab: Sleeping          |     1 |       ||     1
       Distracted        |     1 |       ||     1
       Invisible         |       |     1 ||     1
  Eat: Chunk             |     5 |    10 ||    15
       Bread ration      |       |     1 ||     1

Vault maps used:
D:1:      zelgadis_glass_arrival_small, minmay_statues_item
D:3:      uniq_natasha
D:4:      kennysheep_kobold_camp, first_bread, uniq_crazy_yiuf_cottage,
          uniq_menkaure, uniq_prince_ribbit1

Notes
Turn   | Place    | Note
--------------------------------------------------------------
     0 | D:1      | RobertPalmer, the Demonspawn Transmuter, began the quest for the Orb.
     0 | D:1      | Reached XP level 1. HP: 15/15 MP: 3/3
    47 | D:1      | Reached skill level 3 in Unarmed Combat
   515 | D:1      | Gained mutation: You have sharp fingernails. [demonic ancestry]
   515 | D:1      | Reached XP level 2. HP: 21/21 MP: 2/4
  1205 | D:1      | Reached XP level 3. HP: 9/26 MP: 4/6
  1656 | D:2      | Reached skill level 4 in Unarmed Combat
  1686 | D:2      | Learned a level 2 spell: Sticks to Snakes
  2402 | D:2      | Reached XP level 4. HP: 25/32 MP: 1/7
  3137 | D:2      | Reached skill level 5 in Unarmed Combat
  3252 | D:3      | Noticed Natasha
  3262 | D:3      | Killed Natasha
  3262 | D:3      | Reached XP level 5. HP: 18/37 MP: 7/9
  4565 | D:3      | Noticed ztt's ghost (average GrFi)
  5126 | D:3      | Noticed Natasha
  5135 | D:3      | Killed Natasha
  5135 | D:3      | Reached skill level 6 in Unarmed Combat
  5235 | D:3      | Noticed Natasha
  5238 | D:3      | Killed Natasha
  5430 | D:4      | Gained mutation: Your flesh is heat resistant. [demonic ancestry]
  5430 | D:4      | Reached XP level 6. HP: 43/43 MP: 8/10
  5517 | D:4      | Noticed an orc warrior
  5855 | D:4      | Noticed Menkaure
  5869 | D:4      | Identified a potion of resistance
  5875 | D:4      | HP: 4/40 [Menkaure (21)]
  5876 | D:4      | Killed Menkaure
  5876 | D:4      | Reached skill level 7 in Unarmed Combat
  6168 | D:4      | HP: 1/40 [orc warrior/flail (6)]
  6200 | D:4      | Noticed Crazy Yiuf
  6204 | D:4      | Mangled by an orc warrior

Vanquished Creatures
  Menkaure (D:4)
  A scorpion (D:4)
  2 hounds (D:4)
  Natasha (thrice) (D:3)
  3 orc wizards
  3 adders
  2 giant mites
  7 worms
  A giant gecko (D:2)
  3 oozes
  4 orcs
  12 bats
  3 giant cockroaches
  3 goblins
  10 hobgoblins
  5 jackals
  A ball python (D:1)
  6 giant newts
  13 kobolds
  4 quokkas
  10 rats
97 creatures vanquished.

Vanquished Creatures (collateral kills)
  A hobgoblin (D:4)
1 creature vanquished.

Grand Total: 98 creatures vanquished
